 Dungeon Crawl Stone Soup version 0.20-a0-368-g4aedf34 (webtiles) character file.

104 MirrMurr the Cudgeler (level 4, -5/43 HPs)
             Began as a Gargoyle Berserker on Dec 27, 2016.
             Was a Believer of Trog.
             Slain by a gnoll
             ... wielding a +0 halberd
              (10 damage)
             ... on level 3 of the Dungeon.
             The game lasted 00:03:42 (2105 turns).

MirrMurr the Cudgeler (Gargoyle Berserker)          Turns: 2105, Time: 00:03:43

Health: -5/43      AC: 12    Str: 26    XL:     4   Next: 80%
Magic:  4/4        EV:  9    Int:  8    God:    Trog [**....]
Gold:   78         SH:  0    Dex:  9    Spells: 3/3 levels left

rFire  . . .     SeeInvis .     a - +0 mace
rCold  . . .     Gourm    .     i - +0 chain mail
rNeg   + . .     Faith    .     (no shield)
rPois  ∞         Spirit   .     (no helmet)
rElec  +         Reflect  .     (no cloak)
rCorr  .         Harm     .     (no gloves)
MR     .....                    (no boots)
Stlth  ..........               (no amulet)
                                (no ring)
                                (no ring)

@: berserking, very quick
A: negative energy resistance 1, electricity resistance, unbreathing,
petrification resistance, rot immunity, AC +3
a: Berserk, Trog's Hand, Burn Spellbooks, Renounce Religion


You were on level 3 of the Dungeon.
You worshipped Trog.
Trog was pleased with you.
You were very hungry.

You visited 1 branch of the dungeon, and saw 3 of its levels.

You collected 78 gold pieces.

Inventory:

Hand Weapons
 a - a +0 mace (weapon)
Missiles
 f - 36 stones (quivered)
Armour
 i - a +0 chain mail (worn)
Wands
 g - a wand of digging (12/24)
 j - a wand of digging (5/24)
Scrolls
 b - a scroll of fear
 k - a scroll of blinking {unknown}
 l - a scroll of teleportation
 m - 3 scrolls of amnesia {unknown}
Potions
 e - a potion of curing {unknown}
 h - a potion of lignification {unknown}
Comestibles
 c - a bread ration
 d - 2 chunks of flesh


   Skills:
 + Level 4.1 Fighting
 * Level 4.2 Maces & Flails
 + Level 2.9 Armour
 + Level 2.0 Dodging


You had 3 spell levels left.
You didn't know any spells.

Dungeon Overview and Level Annotations

Branches:
Dungeon (3/15)

Altars:


Innate Abilities, Weirdness & Mutations

You are resistant to torment.
Your stone body is resilient. (AC +3)
You are immune to poison.
You resist negative energy. (rN+)
You are resistant to electric shocks. (rElec)
You can survive without breathing.
You are immune to petrification.
You are immune to rotting.


Message History

You barely miss the gnoll.
The gnoll is moderately wounded.
The gnoll barely misses you. The bat barely misses you.
You hit the gnoll.
The gnoll is severely wounded.
The bat hits you but does no damage.
The gnoll hits you from afar with a halberd.
* * * LOW HITPOINT WARNING * * *
The gnoll closely misses you.
You sock the gnoll!
You feel the power of Trog in you as your rage grows.
You kill the gnoll!
Trog accepts your kill.
Your Dodging skill increases to level 2!
The bat closely misses you. The gnoll barely misses you.
The bat hits you but does no damage.
You see here a spear.
You barely miss the gnoll. The bat completely misses you.
The gnoll hits you with a halberd!
You die...

...........................+
#.#....g#.######......######
#.#.....#...# #......#
........#...####......#
..##....#g..g..÷.....##
...........#####g##..#
.###...###..# #g##..... ##
#...# ##.# #g##.##.# #...#
.# #@##.. .# #...# .. #b####
. #### #.###'## .##.%.#
#!..# #....# ##.#.# ###.# +#


You could see 3 gnolls and a bat.

Vanquished Creatures
  A gnoll (D:3)
  3 adders
  2 oozes
  3 worms (D:2)
  3 leopard geckos
  A giant cockroach (D:2)
  6 goblins
  4 hobgoblins
  2 jackals (D:1)
  2 quokkas
  A ball python (D:2)
  7 bats
  5 frilled lizards
  4 kobolds
  8 rats
52 creatures vanquished.

Notes
Turn   | Place    | Note
-------+----------+-------------------------------------------
     0 | D:1      | MirrMurr the Gargoyle Berserker began the quest for the Orb.
     0 | D:1      | Reached XP level 1. HP: 14/14 MP: 1/1
    44 | D:1      | Reached XP level 2. HP: 19/19 MP: 2/2
   644 | D:1      | Reached ** piety under Trog
   647 | D:1      | Reached XP level 3. HP: 24/24 MP: 3/3
  1323 | D:2      | Reached XP level 4. HP: 29/29 MP: 4/4
  2105 | D:3      | Slain by a gnoll

Vault maps used:
D:1:      lemuel_arrival_behind_the_door_large, minmay_statues_item
D:3:      ashenzari_conservatory_becter, small_statue_intersection

Skill      XL: |  1  2  3  4 |
---------------+-------------+-----
Fighting       | 4 |  4.1
Maces & Flails | 4 |  4.2
Dodging        | 2 |  2.0
Armour         | |  2.9

Action                   |  1- 3 |  4- 6 || total
-------------------------+-------+-------++-------
Melee: Mace              |   112 |    82 ||   194
Invok: Berserk           |       |     1 ||     1
  Use: Scroll            |     2 |       ||     2
  Eat: Chunk             |     1 |     3 ||     4
Armor: Animal skin       |    16 |       ||    16
       Ring mail         |     7 |       ||     7
       Chain mail        |    42 |    82 ||   124
Dodge: Dodged            |    60 |    66 ||   126
